 Dungeon Crawl Stone Soup version 0.28.0-1-gb440e238dd (webtiles) character file.

Game seed: 12982227679485166497

298 pkoi the Ruffian (level 6, -1/52 HPs)
             Began as a Draconian Monk on Feb 22, 2022.
             Slain by a water moccasin (8 damage)
             ... on level 5 of the Dungeon.
             The game lasted 00:03:33 (4272 turns).

pkoi the Ruffian (Draconian Monk)                   Turns: 4272, Time: 00:03:33

Health: -1/52      AC:  6    Str: 20    XL:     6   Next: 13%
Magic:  15/15      EV: 13    Int: 12    God:
Gold:   186        SH:  0    Dex: 13    Spells: 5/5 levels left

rFire   . . .      SeeInvis .     - Unarmed
rCold   . . .      Faith    .   (no shield)
rNeg    . . .      Spirit   .   (armour unavailable)
rPois   .          Reflect  .   (helmet restricted)
rElec   .          Harm     .   (no cloak)
rCorr   .          Rampage  .   (no gloves)
Will    .....                   (no boots)
Stlth   ++........              (no amulet)
HPRegen 0.17/turn               m - +6 ring of strength
MPRegen 0.14/turn               c - ring of magical power

@: mighty
A: AC +6, unfitting armour, cold-blooded
a: no special abilities


You were on level 5 of the Dungeon.
You visited 1 branch of the dungeon, and saw 5 of its levels.

You collected 186 gold pieces.

Inventory:

Hand Weapons
 l - a +0 dagger of speed
 q - the +7 flail of Vojoinn {protect, rC++ rCorr Dex+5}
   (You found it on level 5 of the Dungeon)

   It grants its wielder temporary protection when it strikes (+7 to AC).
   Dex:       It affects your dexterity (+5).
   rC:        It greatly protects you from cold.
   rCorr:     It protects you from acid and corrosion.
Missiles
 i - 10 poisoned darts (quivered)
 o - 2 throwing nets
Jewellery
 c - a ring of magical power (right hand)
 d - a +6 ring of intelligence
 m - a +6 ring of strength (left hand)
 n - a ring of flight
Scrolls
 b - 3 scrolls of identify {unknown}
 h - a scroll of torment {unknown}
 j - 2 scrolls of teleportation {unknown}
 k - a scroll of noise {unknown}
 p - a scroll of vulnerability {unknown}
Potions
 e - a potion of berserk rage {unknown}
 g - a potion of ambrosia {unknown}


   Skills:
 - Level 4.0 Fighting
 + Level 3.4 Dodging
 - Level 1.7 Stealth
 * Level 6.1 Unarmed Combat


You had 5 spell levels left.
You didn't know any spells.
Your spell library contained the following spells:

 Spells                   Type           Power      Damage    Failure   Level
 Magic Dart               Conj           0%         1d3       32%         1
 Call Imp                 Summ           0%         N/A       45%         2
 Mephitic Cloud           Conj/Pois/Air  0%         N/A       69%         3


Dungeon Overview and Level Annotations

Branches:
Dungeon (5/15)
 Temple: D:4-7

Altars:
Vehumet

Shops:
D:5 (

Annotations:
D:4 Edmund, Sigmund
D:5 Grinder, Prince Ribbit


Innate Abilities, Weirdness & Mutations

Your plain brown scales are hard. (AC +6)
You cannot fit into any form of body armour.
You are cold-blooded and may be slowed by cold attacks.


Message History

Prince Ribbit closely misses you. Prince Ribbit hits you!
* * * LOW HITPOINT WARNING * * *
You sock Prince Ribbit!
Your weapon exudes an aura of protection.
Prince Ribbit is moderately wounded.
Prince Ribbit completely misses you. The water moccasin bites you.
* * * LOW HITPOINT WARNING * * *
Prince Ribbit blinks!
The water moccasin closely misses you.
It was a potion of might.
You feel very mighty all of a sudden. Prince Ribbit misses you.
The water moccasin bites you but does no damage.
The +7 flail of Vojoinn {protect, rC++ rCorr Dex+5} goes still.
You are now empty-handed.
You miss Prince Ribbit.
Your tail-slap misses Prince Ribbit.
Prince Ribbit is moderately wounded.
Prince Ribbit says, "You're just another fly to me."
Prince Ribbit hits you.
* * * LOW HITPOINT WARNING * * *
The water moccasin barely misses you. Prince Ribbit closely misses you.
The water moccasin closely misses you.
You punch Prince Ribbit!
Prince Ribbit is heavily wounded.
Prince Ribbit hits you but does no damage.
The water moccasin closely misses you.
Unknown command.
You punch Prince Ribbit!
Prince Ribbit is severely wounded.
The water moccasin closely misses you. Prince Ribbit hits you.
* * * LOW HITPOINT WARNING * * *
Unknown command.
You barely miss Prince Ribbit.
Prince Ribbit is severely wounded.
Prince Ribbit hits you!
* * * LOW HITPOINT WARNING * * *
The water moccasin bites you but does no damage.
Prince Ribbit closely misses you.
Unknown command.
It was a potion of curing.
You feel better. The water moccasin bites you!
You die...

#..§§S..#
###.#.###
#.......#
##.#.#.##
##...##
#..#..#
##...##
##S##
#.@.#
##F## #.#
#.# #.#
#.#
#.#######
#.......#
#####.#.#


You could see Prince Ribbit and a water moccasin.

Vanquished Creatures
  An ogre (D:5)
  A jelly (D:5)
  An iguana (D:5)
  An orc wizard (D:3)
  A hound skeleton (D:5)
  4 adders
  2 dart slugs
  10 orcs
  7 bats
  6 endoplasms
  3 giant cockroaches
  5 goblins
  9 hobgoblins
  A quokka (D:2)
  9 ball pythons
  3 frilled lizards (D:2)
  6 kobolds
  6 rats
76 creatures vanquished.

Notes
Turn   | Place    | Note
-------+----------+-------------------------------------------
     0 | D:1      | pkoi the Draconian Monk began the quest for the Orb.
     0 | D:1      | Reached XP level 1. HP: 19/19 MP: 1/1
   125 | D:1      | Found a faded altar of an unknown god.
   130 | D:1      | Reached XP level 2. HP: 26/26 MP: 2/2
   559 | D:1      | Reached skill level 4 in Unarmed Combat
   992 | D:2      | Reached XP level 3. HP: 15/31 MP: 3/3
  2188 | D:3      | Reached XP level 4. HP: 25/38 MP: 4/4
  2312 | D:3      | Reached skill level 5 in Unarmed Combat
  2835 | D:3      | Found a radiant altar of Vehumet.
  3512 | D:4      | Noticed Edmund
  3554 | D:4      | Reached XP level 5. HP: 33/45 MP: 5/5
  3740 | D:4      | Noticed a black bear
  3740 | D:4      | Noticed Sigmund
  3873 | D:5      | Entered Level 5 of the Dungeon
  3884 | D:5      | Noticed an ogre
  3896 | D:5      | Killed an ogre
  4011 | D:5      | Identified the +7 flail of Vojoinn {protect, rC++ rCorr
                  | Dex+5}
  4017 | D:5      | Reached skill level 6 in Unarmed Combat
  4017 | D:5      | Reached XP level 6. HP: 46/52 MP: 6/6
  4201 | D:5      | Found Ulalem's Antique Weapon Boutique.
  4255 | D:5      | Noticed Grinder
  4256 | D:5      | Noticed a water moccasin
  4257 | D:5      | Noticed Prince Ribbit
  4271 | D:5      | HP: 2/52 [Prince Ribbit (13)]
  4272 | D:5      | Slain by a water moccasin

Illustrated notes

Levels and vault maps discovered:
D:1:      heliophobic_arrival_enchanted_forest, layout_loops_ring,
          nicolae_ecumenical_snake_handling, serial_rivers,
          chequers_serial_rivers_small_3, chequers_serial_rivers_micro_e,
          chequers_serial_rivers_micro_b, chequers_serial_rivers_marsh
D:2:      layout_basic, minmay_pentomino_r2
D:3:      layout_loops_cross, lemuel_doored_altar
D:4:      layout_basic, lightli_temple_of_fire, hangedman_decor_diamond_cutter,
          uniq_sigmund, uniq_edmund
D:5:      minmay_spotlight, layout_basic, serial_shops, nicolae_take_the_stairs,
          uniq_prince_ribbit1, uniq_grinder

Skill      XL: |  1  2  3  4  5 |
---------------+----------------+-----
Unarmed Combat | 4 5 6 |  6.1
Dodging        | 3 |  3.4
Fighting       | 4 |  4.0
Stealth        | |  1.7

Action                   |  1- 3 |  4- 6 || total
-------------------------+-------+-------++-------
Melee: Unarmed           |   123 |   104 ||   227
       Tailslap          |    16 |    22 ||    38
       Punch             |     1 |     5 ||     6
       Flail             |       |    10 ||    10
Throw: Dart              |       |    10 ||    10
  Use: Potion            |       |     2 ||     2
 Stab: Sleeping          |     2 |     4 ||     6
Armor: Skin              |    32 |    39 ||    71
Dodge: Dodged            |    77 |    69 ||   146
